 Dungeon Crawl Stone Soup version 0.18.1-50-g88ac8fd (webtiles) character file.

198377 Inkary the Fencer (level 17, -10/161 HPs)
             Began as a Minotaur Berserker on Sept 21, 2016.
             Was a High Priest of Trog.
             Mangled by a greater naga
             ... wielding a +0 spear
              (18 damage)
             ... on level 4 of the Snake Pit on Sept 24, 2016.
             The game lasted 01:49:47 (28516 turns).

Inkary the Fencer (Minotaur Berserker)             Turns: 28516, Time: 01:49:49

Health: -10/161    AC: 22    Str: 26    XL:     17   Next: 81%
Magic:  6/6        EV: 25    Int: 16    God:    Trog [*****.]
Gold:   744        SH: 21    Dex: 24    Spells: 0 memorised, 16 levels left

rFire  + . .     SeeInvis .     S - +9 eveningstar (antimagic)
rCold  + + +     Gourm    .     Q - +1 ring mail of the Bulwark {+Fly rCorr Int-4}
rNeg   . . .     Faith    .     W - +0 shield of Objectivity {Int+7}
rPois  +         Spirit   .     E - +2 hat {Int+3}
rElec  +         Dismiss  .     v - +2 cloak
rCorr  +         Reflect  +     M - +2 pair of gloves
SustAt .         Harm     .     (no boots)
MR     ++...                    P - amulet "Hiof Syn" {Reflect rElec rC++ MR- Dex+2 SH+3}
Stlth  +.........               G - ring "Ruixaam" {rC+ Int+6 Dex+4}
                                D - ring of Oroliet {rPois Slay+2 Stlth-}

@: agile, resistant, flying (expiring), regenerating, constricted, very
resistant to hostile enchantments, very unstealthy
A: retaliatory headbutt, hooves 1, horns 2, large bone plates 1, thin metallic
scales 1, agile 1, weak 1
a: Berserk, Trog's Hand, Brothers in Arms, Burn Spellbooks, Renounce Religion
}: 1/15 runes: barnacled


You were on level 4 of the Snake Pit.
You worshipped Trog.
Trog was extremely pleased with you.
You were very hungry.

You visited 5 branches of the dungeon, and saw 32 of its levels.
You also visited: Labyrinth.

You collected 3085 gold pieces.
You spent 2341 gold pieces at shops.

Inventory:

Hand Weapons
 o - a cursed -1 long sword
 r - a +0 scimitar of holy wrath
 R - a +9 demon blade of draining
 S - a +9 antimagic eveningstar (weapon)
Missiles
 T - 8 throwing nets (quivered)
Armour
 v - a +2 cloak (worn)
 E - a +2 hat of intelligence (worn)
 M - a +2 pair of gloves (worn)
 Q - the +1 ring mail of the Bulwark (worn) {+Fly rCorr Int-4}
   (You found it on level 5 of the Dungeon)

   It affects your intelligence (-4).
   It lets you fly.
   It protects you from acid and corrosion.
 W - the +0 shield of Objectivity (worn) {Int+7}
   (You found it on level 13 of the Dungeon)

   It affects your intelligence (+7).
Rods
 V - a +3 lightning rod (11/11)
   (You took it off a minotaur in a labyrinth)
Jewellery
 a - an uncursed ring of resist corrosion
 n - an uncursed ring of sustain attributes
 D - the ring of Oroliet (left hand) {rPois Slay+2 Stlth-}
   (You bought it in a shop on level 4 of the Dungeon)

   [ring of loudness]

   It affects your accuracy and damage with ranged weapons and melee attacks
   (+2).
   It protects you from poison.
   It makes you less stealthy.
 G - the ring "Ruixaam" (right hand) {rC+ Int+6 Dex+4}
   (You bought it in a shop on level 4 of the Dungeon)

   [ring of protection from cold]

   It affects your intelligence (+6).
   It affects your dexterity (+4).
   It protects you from cold.
 H - an uncursed ring of see invisible
 I - an uncursed ring of protection from fire
 L - the ring "Zouhuuko" {Wiz rN+}
   (You found it on level 5 of the Lair of Beasts)

   [ring of wizardry]

   It improves your spell success rate.
   It protects you from negative energy.
 N - an uncursed ring of protection from magic
 P - the amulet "Hiof Syn" (around neck) {Reflect rElec rC++ MR- Dex+2 SH+3}
   (You bought it in a shop on level 4 of the Dungeon)

   [amulet of reflection]

   It shields you and reflects attacks.
   It affects your dexterity (+2).
   It greatly protects you from cold.
   It insulates you from electricity.
   It affects your resistance to hostile enchantments.
   It affects your SH (+3).
Wands
 J - a wand of disintegration (2/24)
 K - a wand of digging (9/24)
Scrolls
 b - 3 scrolls of fear
 d - a scroll of holy word
 e - 5 scrolls of teleportation
 g - 2 scrolls of identify
 k - 4 scrolls of magic mapping
 l - 4 scrolls of recharging
 m - 18 scrolls of remove curse
 y - 2 scrolls of fog
 X - 2 scrolls of blinking
 Y - a scroll of enchant armour
Potions
 h - 2 potions of lignification
 j - a potion of brilliance
 q - a potion of flight
 s - 3 potions of haste
 t - a potion of curing
 w - 2 potions of agility
 x - 4 potions of might
 z - a potion of ambrosia
 F - a potion of cure mutation
 Z - a potion of resistance
Books
 B - a book of Spatial Translocations

   Spells                             Type                      Level
   a - Apportation                    Translocation                1
   b - Blink                          Translocation                2
   c - Shroud of Golubria             Charms/Translocation         2
   d - Portal Projectile              Translocation                3
   e - Teleport Other                 Translocation                3
   f - Passage of Golubria            Translocation                4
   Trog disapproves of the use of such an item.
Miscellaneous
 A - a sack of spiders {used: 1}
 C - a phantom mirror
 U - a phial of floods (inert)
Comestibles
 c - 23 bread rations
 f - 11 slices of pizza
 i - 12 meat rations
 p - 2 fruits
 u - 10 beef jerkies


   Skills:
 + Level 17.3 Fighting
 - Level 17.6 Long Blades
 * Level 13.7 Maces & Flails
 - Level 7.0 Throwing
 - Level 15.0 Armour
 + Level 11.2 Dodging
 - Level 15.2 Shields
 - Level 4.1 Evocations


You had 16 spell levels left.
You didn't know any spells.

Dungeon Overview and Level Annotations

Branches:
Dungeon (14/15)            Temple (0/1) D:6            Lair (8/8) D:11
 Shoals (4/4) Lair:6        Snake (4/4) Lair:4        Slime (0/6) Lair:7
    Orc (2/2) D:9             Elf (0/3) Orc:2        Vaults (0/5) D:13

Altars:
Ashenzari
Cheibriados
Elyvilon
Fedhas
Gozag
Kikubaaqudgha
Makhleb
Okawaru
Pakellas
Ru
Sif Muna
Vehumet
Xom
Yredelemnul
Zin
The Shining One

Shops:
D:4 =   D:5 ?   D:14 =   Orc:2 ?(!:   Snake:1 ?

Portals:
Pandemonium: Orc:2


Innate Abilities, Weirdness & Mutations

You reflexively headbutt those who attack you in melee.
You have a pair of horns on your head.
You have large cloven feet.
You are partially covered in large bone plates (AC +2, SH +2).
You are partially covered in thin metallic scales (AC +2).
You are agile. (Dex +2)
You are weak. (Str -2)


Message History

* * * LOW HITPOINT WARNING * * *
Unknown command.
You thump the greater naga!
The greater naga's magic leaks into the air.
Your kick misses the greater naga. You headbutt the greater naga.
The greater naga is severely wounded.
You block the greater naga's attack.
* * * LOW HITPOINT WARNING * * *
The greater naga constricts you. You block the shock serpent's attack.
The greater naga hits you with a spear!
* * * LOW HITPOINT WARNING * * *
The greater naga constricts you.
Drink which item? (? for menu, Esc to quit)
You feel better.
The shock serpent completely misses you.
You furiously retaliate!
You headbutt the shock serpent.
The shock serpent's electric aura discharges, shocking you!
* * * LOW HITPOINT WARNING * * *
The greater naga hits you with a spear!!
You die...

#.#'##
##.....
#(#...#
#)#...#
#S#.8.#
#@#...#
#N#...#.#
##.....#
###'###
.. #.# #


You could see a greater naga and a shock serpent.

Vanquished Creatures
  A kraken (Shoals:1)
  Gastronok (D:8)
  2 greater nagas
  Ilsuiw (Shoals:3)
  Louise (Shoals:1)
  A stone giant (Shoals:3)
  The ghost of KarmaPolice the Eclecticist, a journeyman DEEn of Vehumet (D:14)
  An ettin (D:13)
  5 merfolk javelineers (Shoals:4)
  9 merfolk impalers
  Josephine (Lair:7)
  A minotaur (Lab)
  11 hydras
  7 naga warriors
  8 merfolk avatars
  2 alligator snapping turtles
  A centaur warrior (D:13)
  A catoblepas (Lair:8)
  5 anacondas
  4 satyrs
  2 merfolk aquamancers
  7 death yaks
  A tengu warrior (D:13)
  2 shock serpents
  A soul eater (Orc:2)
  Urug (D:11)
  9 naga sharpshooters
  Nergalle (Orc:1)
  6 orc high priests (Orc:2)
  17 sea snakes
  An unseen horror (D:11)
  12 harpies
  A putrid demonspawn (Orc:2)
  A lindwurm (Lair:8)
  3 torturous demonspawn (Orc:2)
  A necromancer (D:13)
  A deep elf mage (D:13)
  A naga ritualist (Snake:2)
  4 orc knights (Orc:2)
  14 fauns
  Pikel (D:7)
  2 hill giants
  6 orc sorcerers (Orc:2)
  3 oklob plants (Lair:7)
  2 wolf spiders (Lair:8)
  6 mana vipers
  15 griffons
  4 salamanders
  9 cyclopes
  8 sirens
  11 manticores
  10 elephants
  5 guardian serpents
  3 naga magi
  6 water nymphs
  A centaur zombie (D:12)
  19 black mambas
  A torpor snail (Lair:6)
  An orange demon (D:13)
  2 smoke demons (Orc:2)
  21 spiny frogs
  An efreet (D:13)
  2 rime drakes
  7 komodo dragons
  An ice devil (Orc:2)
  A demonic crawler (D:13)
  2 hellwings (D:13)
  3 trolls
  A tengu conjurer (D:13)
  Prince Ribbit (D:6)
  24 merfolk
  2 wind drakes
  32 blink frogs
  A boulder beetle (Lair:4)
  9 snapping turtles
  A redback (Lair:8)
  A vampire (D:12)
  9 water elementals
  10 wyverns
  27 yaks
  A ynoxinul (Orc:2)
  A human (D:7)
  4 wraiths
  11 basilisks
  2 hungry ghosts
  10 hippogriffs
  33 nagas
  2 wargs (Orc:2)
  22 water moccasins
  A soldier ant (D:13)
  10 porcupines
  2 ice beasts
  5 phantoms
  29 orc warriors
  3 sky beasts
  3 black bears
  A swamp drake (D:9)
  4 wasps (Lair:8)
  14 wolves
  9 ogres
  5 centaurs
  8 crocodiles
  20 giant frogs
  A wyvern zombie (D:12)
  A wyvern skeleton (D:7)
  2 scorpions
  11 killer bees
  5 electric eels
  4 howler monkeys
  6 crimson imps
  5 quasits
  A giant frog zombie (D:13)
  12 hounds
  4 centaur skeletons
  Crazy Yiuf (D:3)
  2 giant frog skeletons (D:9)
  A jelly (D:5)
  3 iron imps (D:13)
  18 orc priests
  Jessica (D:3)
  9 iguanas
  Natasha (thrice) (D:3)
  15 orc wizards
  14 worker ants
  A killer bee zombie (D:11)
  10 sheep
  2 hound zombies
  A hound skeleton (D:10)
  5 gnolls (D:5)
  A howler monkey skeleton (D:7)
  21 adders
  68 river rats
  3 shadow imps (D:13)
  3 white imps (D:13)
  An ufetubus (D:13)
  An adder skeleton (D:2)
  An adder zombie (D:8)
  3 worms
  A dart slug (D:4)
  4 giant geckos
  78 orcs
  4 giant cockroaches
  6 goblins
  8 hobgoblins
  8 jackals
  14 kobolds
  8 quokkas
  A ball python (D:5)
  9 bats
  6 giant newts
  4 rats
  3 tentacles (Shoals:1)
1015 creatures vanquished.

Vanquished Creatures (collateral kills)
  A merfolk impaler (Shoals:1)
  2 sirens (Shoals:1)
3 creatures vanquished.

Vanquished Creatures (others)
  A merfolk javelineer (Shoals:4)
  A satyr (Shoals:4)
  A naga sharpshooter (Snake:4)
  2 manticores
  2 cyclopes
  A merfolk (Shoals:4)
  An orc priest (Orc:2)
  25 plants
  11 tentacles (Shoals:1)
  370 tentacle segments (Shoals:1)
415 creatures vanquished.

Grand Total: 1433 creatures vanquished

Notes
Turn   | Place    | Note
--------------------------------------------------------------
     0 | D:1      | Inkary the Minotaur Berserker began the quest for the Orb.
     0 | D:1      | Reached XP level 1. HP: 19/19 MP: 0/0
   140 | D:1      | Reached XP level 2. HP: 24/27 MP: 1/1
   491 | D:1      | Reached ** piety under Trog
   732 | D:2      | Found a glowing golden altar of the Shining One.
   738 | D:2      | Found an opulent altar of Gozag.
   936 | D:2      | Reached XP level 3. HP: 31/33 MP: 2/2
  1015 | D:2      | Found a radiant altar of Vehumet.
  1018 | D:2      | Found a sacrificial altar of Ru.
  1019 | D:2      | Found an iron altar of Okawaru.
  1068 | D:2      | Found an oddly glowing altar of Pakellas.
  1069 | D:2      | Noticed a manticore
  1073 | D:2      | Killed a manticore
  1729 | D:3      | Noticed Natasha
  1734 | D:3      | Killed Natasha
  1734 | D:3      | Reached skill level 1 in Maces & Flails
  1734 | D:3      | Reached XP level 4. HP: 41/41 MP: 3/3
  1740 | D:3      | Noticed Natasha
  1744 | D:3      | Killed Natasha
  1754 | D:3      | Found a glowing golden altar of the Shining One.
  1756 | D:3      | Noticed Jessica
  1759 | D:3      | Killed Jessica
  1767 | D:3      | Noticed Natasha
  1774 | D:3      | Killed Natasha
  1774 | D:3      | Reached XP level 5. HP: 40/47 MP: 4/4
  2213 | D:3      | Noticed Crazy Yiuf
  2216 | D:3      | Killed Crazy Yiuf
  2384 | D:4      | Noticed an ogre
  2387 | D:4      | Killed an ogre
  2387 | D:4      | Reached skill level 5 in Fighting
  2387 | D:4      | Reached XP level 6. HP: 37/56 MP: 5/5
  2527 | D:4      | Reached *** piety under Trog
  2667 | D:4      | Found Wuqely's Jewellery Emporium.
  2729 | D:4      | Reached XP level 7. HP: 50/61 MP: 6/6
  2895 | D:4      | Found a shimmering altar of Xom.
  2895 | D:4      | Found a burning altar of Makhleb.
  3177 | D:5      | Entered Level 5 of the Dungeon
  3214 | D:5      | Found an ancient bone altar of Kikubaaqudgha.
  3236 | D:5      | Reached skill level 5 in Dodging
  3239 | D:5      | Reached skill level 5 in Armour
  3241 | D:5      | Found Otughoz's Magic Scroll Emporium.
  3254 | D:5      | Bought a scroll of identify for 22 gold pieces
  3254 | D:5      | Bought a scroll of enchant armour for 82 gold pieces
  3362 | D:5      | Found a snail-covered altar of Cheibriados.
  3484 | D:5      | Reached skill level 5 in Maces & Flails
  3707 | D:5      | Found a white marble altar of Elyvilon.
  3739 | D:5      | Reached XP level 8. HP: 67/70 MP: 7/7
  3809 | D:6      | Noticed Prince Ribbit
  3818 | D:6      | Killed Prince Ribbit
  3904 | D:6      | Found a blossoming altar of Fedhas.
  3991 | D:6      | Found a basalt altar of Yredelemnul.
  4043 | D:6      | Found a staircase to the Ecumenical Temple.
  4241 | D:6      | Found a deep blue altar of Sif Muna.
  4412 | D:6      | Reached skill level 1 in Shields
  4441 | D:7      | Reached **** piety under Trog
  4502 | D:7      | Reached skill level 5 in Long Blades
  4787 | D:7      | Reached XP level 9. HP: 52/78 MP: 8/8
  4788 | D:7      | Reached skill level 5 in Shields
  4857 | D:7      | Found an opulent altar of Gozag.
  4907 | D:7      | Found a shattered altar of Ashenzari.
  4907 | D:7      | Noticed Pikel
  4918 | D:7      | Killed Pikel
  5118 | D:8      | Found a shattered altar of Ashenzari.
  5343 | D:8      | Gained mutation: You are partially covered in thin metallic scales (AC +2). [mutagenic meat]
  5344 | D:8      | Gained mutation: You are partially covered in large bone plates (AC +2, SH +2). [mutagenic meat]
  5359 | D:8      | Noticed Gastronok
  5372 | D:8      | Killed Gastronok
  5372 | D:8      | Reached XP level 10. HP: 84/84 MP: 9/9
  5395 | D:8      | Reached skill level 10 in Shields
  6444 | D:9      | Found a staircase to the Orcish Mines.
  6462 | D:9      | Reached skill level 10 in Armour
  6523 | Orc:1    | Entered Level 1 of the Orcish Mines
  6527 | Orc:1    | Noticed Nergalle
  6729 | D:10     | Entered Level 10 of the Dungeon
  6964 | D:10     | Reached XP level 11. HP: 91/91 MP: 10/10
  7557 | D:11     | You fall through a shaft for 3 floors!
  7621 | D:14     | Noticed KarmaPolice's ghost (journeyman DEEn)
  7629 | D:14     | Killed KarmaPolice's ghost
  7642 | D:14     | Found Aliyck's Jewellery Emporium.
  7678 | D:13     | Noticed a deep elf mage
  7678 | D:13     | Noticed a hill giant
  7686 | D:14     | Killed a hill giant
  7798 | D:13     | Killed a deep elf mage
  7798 | D:13     | Reached skill level 10 in Long Blades
  7867 | D:13     | Noticed a centaur warrior
  7880 | D:13     | Killed a centaur warrior
  7996 | D:11     | Noticed Urug
  8012 | D:11     | Killed Urug
  8166 | D:11     | Noticed a four-headed hydra
  8174 | D:11     | Killed a one-headed hydra
  8238 | D:11     | Found a staircase to the Lair.
  8301 | D:11     | Noticed an eight-headed hydra
  8308 | D:11     | Killed a five-headed hydra
  8308 | D:11     | Reached XP level 12. HP: 58/103 MP: 11/11
  8629 | D:4      | Bought the amulet "Hiof Syn" {Reflect rElec rC++ MR- Dex+2 SH+3} for 565 gold pieces
  9486 | D:13     | Identified the Grimoire of Stones and the Blaze
  9622 | D:13     | Got a warped shield
  9756 | D:12     | Noticed a six-headed hydra
  9766 | D:12     | Killed a two-headed hydra
  9917 | D:13     | Reached ***** piety under Trog
  9961 | D:13     | Noticed a tengu warrior
  9992 | D:13     | Killed a tengu warrior
 10132 | D:13     | Noticed an ettin
 10132 | D:13     | a hill giant changed into an ettin
 10133 | D:13     | Found a gate to the Vaults.
 10143 | D:13     | Killed an ettin
 10177 | D:13     | Noticed a six-headed hydra
 10183 | D:13     | Killed a two-headed hydra
 10183 | D:13     | Reached skill level 10 in Fighting
 10311 | Lair:1   | Entered Level 1 of the Lair of Beasts
 10502 | Lair:1   | Identified the +0 shield of Objectivity {Int+7} (You found it on level 13 of the Dungeon)
 10719 | Lair:1   | Reached XP level 13. HP: 113/113 MP: 12/12
 10743 | Lair:1   | Got a translucent falchion
 10744 | Lair:1   | Identified the +7 falchion "Xyamehiz" {slice, *Confuse +Fly Dex+2 SInv} (You found it on level 1 of the Lair of Beasts)
 12717 | Lair:4   | Reached ****** piety under Trog
 12884 | Lair:4   | Received a gift from Trog
 12945 | Lair:4   | Found a staircase to the Snake Pit.
 13314 | Lair:4   | Found a glowing silver altar of Zin.
 13537 | Lair:5   | Found a labyrinth entrance.
 13554 | Lab      | Entered a labyrinth
 14601 | Lab      | Noticed a minotaur
 14610 | Lab      | Killed a minotaur
 14651 | Lab      | Identified the Tome of Cankerous Lightness (You found it in a labyrinth)
 14756 | Lair:5   | Received a gift from Trog
 14757 | Lair:5   | Got a translucent great mace {god gift}
 14763 | Lair:5   | Identified the +5 great mace of Autotheism {drain, +Rage rN+} (Trog gifted it to you on level 5 of the Lair of Beasts)
 15106 | Lair:5   | Got a brightly glowing copper ring
 15295 | Lair:5   | Identified the ring "Zouhuuko" {Wiz rN+} (You found it on level 5 of the Lair of Beasts)
 15708 | Lair:6   | Reached XP level 14. HP: 121/121 MP: 13/13
 16127 | Lair:6   | Found a staircase to the Shoals.
 16425 | Lair:7   | Received a gift from Trog
 16509 | Lair:7   | Noticed Josephine
 16522 | Lair:7   | Killed Josephine
 16705 | Lair:7   | Reached skill level 15 in Shields
 16741 | Lair:7   | Found a staircase to the Slime Pits.
 16753 | Lair:7   | Reached skill level 1 in Evocations
 17048 | Lair:7   | Reached skill level 15 in Armour
 17347 | Lair:8   | Entered Level 8 of the Lair of Beasts
 17715 | Lair:8   | Reached skill level 15 in Long Blades
 17736 | Lair:8   | Received a gift from Trog
 18280 | Lair:8   | Reached XP level 15. HP: 92/132 MP: 5/17
 19077 | D:5      | Got a bloodstained ring mail
 19088 | D:5      | Identified the +1 ring mail of the Bulwark {+Fly rCorr Int-4} (You found it on level 5 of the Dungeon)
 19102 | D:5      | Bought a scroll of identify for 22 gold pieces
 19102 | D:5      | Bought a scroll of enchant weapon for 82 gold pieces
 19102 | D:5      | Bought a scroll of enchant armour for 82 gold pieces
 19102 | D:5      | Bought a scroll of enchant weapon for 82 gold pieces
 19110 | D:4      | Bought the ring "Ruixaam" {rC+ Int+6 Dex+4} for 530 gold pieces
 19110 | D:4      | Bought the ring of Oroliet {rPois Slay+2 Stlth-} for 271 gold pieces
 19112 | D:4      | Gained mutation: You are weak. (Str -2) [potion of mutation]
 19282 | Orc:1    | Killed Nergalle
 19335 | Orc:2    | Entered Level 2 of the Orcish Mines
 19338 | Orc:2    | Found a staircase to the Elven Halls.
 19352 | Orc:2    | Received a gift from Trog
 19578 | Orc:2    | Found Etzetyl's Magic Scroll Shoppe.
 19583 | Orc:2    | Found Jannyeshri's Distillery.
 19661 | Orc:2    | Bought a scroll of identify for 26 gold pieces
 19661 | Orc:2    | Bought a scroll of identify for 26 gold pieces
 19661 | Orc:2    | Bought a scroll of identify for 26 gold pieces
 19668 | Orc:2    | Bought a scroll of summoning for 123 gold pieces
 19670 | Orc:2    | Bought a potion of heal wounds for 60 gold pieces
 19670 | Orc:2    | Bought a potion of agility for 48 gold pieces
 19670 | Orc:2    | Bought a potion of agility for 48 gold pieces
 19670 | Orc:2    | Bought a potion of curing for 36 gold pieces
 20054 | Orc:2    | Received a gift from Trog
 20062 | Orc:2    | Found Rycoq's Antique Weapon Boutique.
 20062 | Orc:2    | Found Jitzib's Book Shop.
 20062 | Orc:2    | Found a one-way gate leading to the halls of Pandemonium.
 20479 | Shoals:1 | Entered Level 1 of the Shoals
 20692 | Shoals:1 | Noticed Louise
 20708 | Shoals:1 | Killed Louise
 20962 | Shoals:1 | Gained mutation: You are agile. (Dex +2) [potion of beneficial mutation]
 20963 | Shoals:1 | Gained mutation: You have large cloven feet. [potion of beneficial mutation]
 20976 | Shoals:1 | Noticed a kraken
 21009 | Shoals:1 | Killed a kraken
 21009 | Shoals:1 | Reached skill level 1 in Throwing
 21332 | Shoals:2 | Reached XP level 16. HP: 42/147 MP: 18/18
 21688 | Shoals:3 | Reached skill level 10 in Maces & Flails
 22196 | Shoals:3 | Reached skill level 15 in Fighting
 22249 | Shoals:4 | Entered Level 4 of the Shoals
 22279 | Shoals:4 | Noticed Ilsuiw
 22326 | Shoals:3 | Killed Ilsuiw
 22332 | Shoals:3 | Reached skill level 5 in Throwing
 22562 | Shoals:4 | Received a gift from Trog
 23205 | Shoals:4 | HP: 4/151 [satyr/arrow (32)]
 23784 | Shoals:4 | Identified the Catalogue of the Quantum Volcanoes
 23970 | Shoals:4 | Got a barnacled rune of Zot
 24010 | Shoals:4 | Reached XP level 17. HP: 37/159 MP: 4/19
 24900 | Shoals:2 | Received a gift from Trog
 25116 | Shoals:2 | Reached skill level 10 in Dodging
 25625 | Snake:1  | Entered Level 1 of the Snake Pit
 25752 | Snake:1  | Found a sacrificial altar of Ru.
 25808 | Snake:1  | Found Hisoduus's Magic Scroll Boutique.
 25824 | Snake:1  | Bought a scroll of enchant armour for 105 gold pieces
 25824 | Snake:1  | Bought a scroll of enchant weapon for 105 gold pieces
 27941 | Snake:4  | Entered Level 4 of the Snake Pit
 28419 | Snake:4  | Found an ancient bone altar of Kikubaaqudgha.
 28459 | Snake:4  | HP: 4/161 [naga warrior/flail (6)]
 28515 | Snake:4  | HP: 1/161 [greater naga/spear (9)]
 28516 | Snake:4  | Mangled by a greater naga

Skill      XL: |  1  2  3  4  5  6  7  8  9 10 11 12 13 14 15 16 17 |
---------------+----------------------------------------------------+-----
Long Blades    | 4 5 8 9 10 12 14 15 17 | 17.6
Fighting       | 4 5 6 8 10 11 14 16 17 | 17.3
Armour         | 3 4 5 6 9 10 11 12 14 15 | 15.0
Maces & Flails | 1 2 3 4 5 6 9 11 13 | 13.7
Dodging        | 3 4 5 6 8 9 11 | 11.2
Shields        | 4 9 11 14 15 | 15.2
Evocations     | 4 |  4.1
Throwing       | 1 7 |  7.0

Action                   |  1- 3 |  4- 6 |  7- 9 | 10-12 | 13-15 | 16-18 || total
-------------------------+-------+-------+-------+-------+-------+-------++-------
Melee: Falchion          |    90 |       |   186 |   351 |   313 |       ||   940
       Headbutt          |    11 |    13 |    48 |   147 |   382 |   226 ||   827
       Mace              |     1 |    91 |    83 |       |       |       ||   175
       Scimitar          |       |       |       |   310 |   541 |       ||   851
       Demon blade       |       |       |       |       |   551 |   300 ||   851
       Eveningstar       |       |       |       |       |    35 |   520 ||   555
       Kick              |       |       |       |       |    20 |   331 ||   351
Throw: Throwing net      |       |       |       |       |       |     1 ||     1
Invok: Trog's Hand       |     2 |     3 |    11 |    21 |    29 |    24 ||    90
       Berserk           |       |       |     4 |     8 |    10 |     2 ||    24
       Burn Spellbooks   |       |       |       |       |     4 |     3 ||     7
       Brothers in Arms  |       |       |       |       |     1 |     4 ||     5
 Abil: Evoke Flight      |       |       |       |       |     6 |    11 ||    17
Evoke: Wand              |       |       |       |     1 |     2 |    10 ||    13
       Phial of floods   |       |       |       |       |     1 |     2 ||     3
       Sack of spiders   |       |       |       |       |       |     1 ||     1
  Use: Scroll            |       |       |    10 |     8 |    31 |    23 ||    72
       Potion            |       |       |       |       |     5 |    23 ||    28
 Stab: Sleeping          |     1 |       |       |       |       |       ||     1
       Petrifying        |       |       |       |       |     1 |       ||     1
       Distracted        |       |       |       |       |       |     1 ||     1
  Eat: Chunk             |     3 |     4 |    13 |    29 |    39 |    23 ||   111
       Fruit             |       |       |     1 |     3 |     5 |     7 ||    16
       Pizza             |       |       |     1 |       |       |       ||     1
       Royal jelly       |       |       |       |       |     2 |       ||     2
       Beef jerky        |       |       |       |       |     2 |     3 ||     5
Armor: Animal skin       |    12 |       |       |       |       |       ||    12
       Ring mail         |    10 |    29 |    94 |   154 |    78 |   187 ||   552
       Chain mail        |       |       |       |     6 |   309 |       ||   315
       Skin              |       |       |       |       |       |     9 ||     9
Dodge: Dodged            |    59 |    54 |   195 |   316 |   395 |   407 ||  1426
Block: Buckler           |       |     2 |    70 |   340 |       |       ||   412
       Shield            |       |       |       |    25 |  1077 |   910 ||  2012
       Reflection        |       |       |       |     3 |    32 |   120 ||   155
